Cogmind - Beta 14 *** ADVENTURER MODE // 2024.09.07 @ 21:56:52 Player: Mbreton Result: Destroyed by S-10 Pest with Light Assault Rifle Performance ------------- Evolutions (1) 500 Regions Visited (4) 800 Robots Destroyed (26) 130 Value Destroyed (406) 406 Prototype IDs (2) 40 Alien Tech Used (0) 0 Bonus (25) 25 TOTAL SCORE: 1901 Bonus ------- High Alert Combat Kills 25 Cogmind --------- Core Integrity 0/400 Matter 211/300 Energy 242/250 System Corruption 0% Temperature Cool (0) Movement Rolling (90) Location -9/Mines Parts ------- > --- POWER (1) -------- Ion Engine > --- PROPULSION (2) --- Armored Wheel Armored Wheel > --- UTILITY (4) ------ Large Storage Unit Advanced Weight Redist. System Trap Scanner > --- WEAPON (2) ------- Heavy Hammer > --- INVENTORY (15) --- Light Ion Engine Armored Wheel Armored Wheel Flight Unit Flight Unit Small Storage Unit Heavy Mace Peak State ------------ > --- POWER ------------ Light Nuclear Core > --- PROPULSION ------- Light Treads Light Treads > --- UTILITY ---------- Large Storage Unit Hardlight Generator > --- WEAPON ----------- Missile Launcher Heavy Mace > --- INVENTORY -------- Ion Engine Small Storage Unit Advanced Weight Redist. System Small Laser Light Assault Rifle [Rating: 15] Favorites ----------- Power Ion Engine Engine Ion Engine Power Core Light Nuclear Core Propulsion Light Treads Treads Light Treads Wheel Armored Wheel Flight Unit Flight Unit Utility Large Storage Unit Device Hardlight Generator Storage Large Storage Unit Weapon Light Assault Rifle Energy Gun Small Laser Ballistic Gun Light Assault Rifle Launcher Missile Launcher Impact Weapon Heavy Mace Build | -11 -10 -10 -9 -9 ------- Run | Yrd Mat Min Mat Min Slots Evolved 2 | . . . 2 . Power . | . . . . . Propulsion . | . . . . . Utility 2 | . . . 2 . Weapon . | . . . . . Parts Attached 29 | 6 3 7 9 4 Power 3 | 1 . 1 . 1 Engine 2 | 1 . . . 1 Core 1 | . . 1 . . Reactor . | . . . . . Propulsion 8 | 2 . . 5 1 Treads 2 | 2 . . . . Leg . | . . . . . Wheel 4 | . . . 3 1 Hover . | . . . . . Flight 2 | . . . 2 . Utility 8 | 1 3 1 1 2 Device 3 | . . 1 . 2 Storage 5 | 1 3 . 1 . Processor . | . . . . . Hackware . | . . . . . Protection . | . . . . . Artifact . | . . . . . Weapon 10 | 2 . 5 3 . Energy Gun 2 | 1 . 1 . . Energy Cannon . | . . . . . Ballistic Gun 2 | 1 . 1 . . Ballistic Cannon . | . . . . . Launcher 2 | . . 2 . . Special Weapon . | . . . . . Impact Weapon 4 | . . 1 3 . Slashing Weapon . | . . . . . Piercing Weapon . | . . . . . Special Melee Weapon . | . . . . . Unidentified Prototypes . | . . . . . Parts Lost 10 | . . 4 5 1 Power 1 | . . 1 . . Propulsion 5 | . . 2 2 1 Utility 1 | . . . 1 . Weapon 3 | . . 1 2 . Highest Loss Streak 4 | . . 4 4 1 To Critical Strikes . | . . . . . Average Slot Usage (%) 68 | . 85 93 34 58 Engine 6 | . 14 7 . 4 Core 1 | . . 4 . . Treads 14 | . 28 24 . . Wheel 4 | . . . 8 20 Device 6 | . . 13 . 12 Storage 11 | . 14 14 8 11 Energy Gun 5 | . 14 2 4 . Ballistic Gun 7 | . 14 9 4 . Launcher 3 | . . 10 . . Impact Weapon 5 | . . 5 6 11 Peak Build Rating 15 | 6 6 15 9 15 Average Rating 7 | 4 6 11 5 11 On Entrance 5 | . 6 6 6 8 Naked Turns 1 | . . . 1 . Heaviest Build 39 | 12 27 39 27 30 Greatest Support 40 | 20 40 40 24 33 Greatest Overweight (x) 8 | . . 8 8 2 Average Overweight (x) . | . . . . 1 Largest Inventory Capacity 15 | 8 15 15 15 15 Average Capacity 13 | 7 10 15 12 15 Most Carried 8 | 5 1 5 8 7 Average Carried 3 | . . 4 5 6 Final Capacity 15 | 8 15 15 15 15 Final Carried 8 | . 1 4 8 7 Class Distribution -------------------- 100% | Mutant Dominant Class ---------------- Mutant | -10/Materials Mutant | -10/Mines Mutant | -9/Materials Mutant | -9/Mines Resources | -11 -10 -10 -9 -9 ----------- Run | Yrd Mat Min Mat Min Matter Collected 460 | 45 . 140 259 16 Remotely . | . . . . . Salvage Created 419 | . . 95 268 56 Parts 33 | . . 13 13 7 Haulers Intercepted . | . . . . . Recyclers Shooed . | . . . . . Parts Field Recycled . | . . . . . Retrieved Matter . | . . . . . Parts Self-Destructed . | . . . . . Prevented . | . . . . . Kills | -11 -10 -10 -9 -9 ------- Run | Yrd Mat Min Mat Min Combat Hostiles Destroyed 26 | . . 8 14 4 Melee 9 | . . 2 4 3 Guns 6 | . . 1 5 . AOE 5 | . . 5 . . Classes Destroyed 3 | . . 2 1 . Swarmer 20 | . . 5 11 4 Grunt 3 | . . 2 1 . Sentry 2 | . . . 2 . Best Kill Streak 6 | . . 4 6 4 Combat Bots Only 6 | . . 4 6 4 Max Kills in Single Turn 2 | . . 2 1 1 Gunslinging . | . . . . . Exploded 2 | . . 2 . . Melee 1 | . . 1 1 1 Uniques/NPCs Destroyed 1 | . . 1 . . YI-UF0 (-10/Mines) Combat | -11 -10 -10 -9 -9 -------- Run | Yrd Mat Min Mat Min Hostile Shots Fired 253 | . 12 60 141 40 Missed 85 | . 3 21 47 14 Damage Taken 1600 | . 90 535 817 158 Core 529 | . . 127 344 58 Absorbed by Shields 20 | . . 20 . . Ignored by Resistances 494 | . 29 163 247 55 Core Remaining (%) 74 | 100 . 49 . . Volleys Fired 26 | . . 8 18 . Largest 2 | . . 2 2 . Hottest 60 | . . 60 60 . Shots Fired 36 | . . 12 24 . Gun 29 | . . 5 24 . Cannon . | . . . . . Launcher 7 | . . 7 . . Special . | . . . . . Kinetic 18 | . . 4 14 . Thermal 11 | . . 1 10 . Explosive 7 | . . 7 . . Electromagnetic . | . . . . . Robot Hit Streak 9 | . . 7 9 . Robot Miss Streak 2 | . . 2 1 . Penetration Max . | . . . . . Secondary Targets 1 | . . . 1 . Max Gunslinging Chain 1 | . . . 1 . Shots Hit Robots 64 | . . 17 40 7 Core Hits 24 | . . 10 12 2 Critical Kills 1 | . . . 1 . Critical Parts Destroyed 3 | . . 1 2 . Critical Strikes 4 | . . 1 3 . Smash 4 | . . 1 3 . Melee Attacks 41 | . . 9 24 8 Impact 41 | . . 9 24 8 Slashing . | . . . . . Piercing . | . . . . . Sneak Attacks . | . . . . . Combat Hostiles . | . . . . . Follow-up Attacks . | . . . . . Damage Inflicted 2244 | . . 898 1025 321 Guns 210 | . . 26 184 . Cannons . | . . . . . Explosions 486 | . . 486 . . Melee 1548 | . . 386 841 321 Ramming . | . . . . . Kinetic 119 | . . 15 104 . Thermal 91 | . . 11 80 . Explosive 486 | . . 486 . . Electromagnetic . | . . . . . Impact 1548 | . . 386 841 321 Slashing . | . . . . . Piercing . | . . . . . Highest Corruption . | . . . . . Average Corruption . | . . . . . Corruption Purged . | . . . . . Corruption Blocked . | . . . . . Overload Shots . | . . . . . Overflow Damage 423 | . . 57 276 90 Projectiles . | . . . . . Explosions . | . . . . . Melee 423 | . . 57 276 90 Knockbacks 3 | . . 2 1 . Impact 3 | . . 2 1 . Kinetic . | . . . . . Secondary . | . . . . . Self-Inflicted Damage . | . . . . . Shots . | . . . . . Rammed . | . . . . . Targets Rammed . | . . . . . Kicked . | . . . . . Crushed . | . . . . . Highest Temperature 17 | . . 10 17 . Average Temperature 4 | . . 5 4 . Received Heat Transfer 501 | . 66 111 324 . Siege Activations . | . . . . . Robots Corrupted 6 | . . . 5 1 Combat Hostiles 6 | . . . 5 1 Parts Fried 6 | . . . 6 . Impact Corruptions 18 | . . 2 12 4 Robots Melted . | . . . . . Combat Hostiles . | . . . . . Parts Melted . | . . . . . Heat Transferred 200 | . . 25 175 . Parts Sabotaged . | . . . . . Parts Stolen . | . . . . . Parts Stripped . | . . . . . Power Chain Reactions . | . . . . . Alert | -11 -10 -10 -9 -9 ------- Run | Yrd Mat Min Mat Min Peak Influence 622 | . 36 226 622 174 Initial 94 | . . 11 . 94 Average 146 | . 12 117 270 163 Maximum Alert Level 2 | . . 1 2 . Low Security (%) 68 | 100 100 65 42 100 Level 1 18 | . . 34 21 . Level 2 12 | . . . 36 . Level 3 . | . . . . . Level 4 . | . . . . . Level 5 . | . . . . . High Security . | . . . . . Max Security . | . . . . . Squads Dispatched 3 | . . 1 2 . Investigation 2 | . . 1 1 . Extermination . | . . . . . Reinforcement 1 | . . . 1 . Assault . | . . . . . Garrison . | . . . . . Intercept . | . . . . . Searches Triggered 1 | . . . 1 . Construction Impeded . | . . . . . Haulers Reinforced . | . . . . . Active Scanning Responses . | . . . . . Cargo Convoy Interrupts . | . . . . . Stealth | -11 -10 -10 -9 -9 --------- Run | Yrd Mat Min Mat Min Distress Signals 7 | . . . 7 . Communications Jammed . | . . . . . Distress Signals . | . . . . . Times Spotted 66 | . 4 10 38 14 Peak Tracking Total 17 | . 3 4 9 17 Tactical Retreats 11 | . . . 10 1 Traps | -11 -10 -10 -9 -9 ------- Run | Yrd Mat Min Mat Min Traps Triggered . | . . . . . Indirectly . | . . . . . Trap Hack Attempts . | . . . . . Triggered . | . . . . . Disarmed . | . . . . . Reprogrammed . | . . . . . Reused . | . . . . . Traps Extracted . | . . . . . Installed . | . . . . . Triggered . | . . . . . Machines | -11 -10 -10 -9 -9 ---------- Run | Yrd Mat Min Mat Min Machines Disabled . | . . . . . Max in Single Turn . | . . . . . Machines Repaired . | . . . . . Machines Dismantled . | . . . . . Machines Sabotaged . | . . . . . Overloaded Fab Kills . | . . . . . Hacking | -11 -10 -10 -9 -9 --------- Run | Yrd Mat Min Mat Min Machines Accessed 7 | . 4 1 2 . Terminals 5 | . 4 . 1 . Fabricators . | . . . . . Repair Stations . | . . . . . Recycling Units 1 | . . . 1 . Scanalyzers . | . . . . . Garrison Access . | . . . . . Total Hacks 14 | . 8 1 5 . Successful 8 | . 5 1 2 . Failed 6 | . 3 . 3 . Catastrophic . | . . . . . Database Lockouts . | . . . . . Manual . | . . . . . Terminals 10 | . 8 . 2 . Fabricators . | . . . . . Repair Stations . | . . . . . Recycling Units 3 | . . . 3 . Scanalyzers . | . . . . . Garrison Access . | . . . . . Terminal Hacks 7 | . 5 1 1 . Robot Analysis 1 | . . . 1 . Prototype ID Bank 1 | . 1 . . . Open Door 1 | . . 1 . . Branch Access Points 1 | . 1 . . . Emergency Access Points 1 | . 1 . . . Machine Index 1 | . 1 . . . Locate Traps 1 | . 1 . . . Fabricator Hacks . | . . . . . Repair Station Hacks . | . . . . . Recycling Unit Hacks 1 | . . . 1 . Report Inventory 1 | . . . 1 . Scanalyzer . | . . . . . Garrison Access Hacks . | . . . . . Unauthorized Hacks . | . . . . . Terminals . | . . . . . Fabricators . | . . . . . Repair Stations . | . . . . . Recycling Units . | . . . . . Scanalyzers . | . . . . . Garrison Access . | . . . . . Data Cores Recovered . | . . . . . Used . | . . . . . Hacking Detections 6 | . 4 . 2 . Full Trace Events 1 | . . . 1 . Feedback Events . | . . . . . Feedback Blocked . | . . . . . Robot Schematics Acquired . | . . . . . Robots Built . | . . . . . Authchips . | . . . . . Time . | . . . . . Total Robot Build Rating . | . . . . . Part Schematics Acquired . | . . . . . Parts Built . | . . . . . Authchips . | . . . . . Time . | . . . . . Total Part Build Rating . | . . . . . Parts Repaired . | . . . . . Time . | . . . . . Parts Recycled . | . . . . . Recycled Matter . | . . . . . Retrieved Matter . | . . . . . Retrieved Components . | . . . . . Parts Scanalyzed . | . . . . . Part Schematics Acquired . | . . . . . Parts Damaged . | . . . . . Bothacking | -11 -10 -10 -9 -9 ------------ Run | Yrd Mat Min Mat Min Used RIF Installer . | . . . . . Robots Hacked . | . . . . . Non-combat . | . . . . . Combat . | . . . . . Robot Hacks Applied . | . . . . . Relay Couplers Released . | . . . . . Fabnet Peak Effective % . | . . . . . Robots Rewired . | . . . . . Allies Hacked . | . . . . . Hacks Repelled . | . . . . . Allies | -11 -10 -10 -9 -9 -------- Run | Yrd Mat Min Mat Min Total Allies . | . . . . . Largest Group . | . . . . . Highest-Rated Group . | . . . . . Highest-Rated Ally . | . . . . . Total Orders . | . . . . . Ally Attacks . | . . . . . Total Damage . | . . . . . Kills . | . . . . . Allies Corrupted . | . . . . . Allies Melted . | . . . . . Intel | -11 -10 -10 -9 -9 ------- Run | Yrd Mat Min Mat Min Robot Analysis Total 1 | . . . 1 . Derelict Logs Recovered . | . . . . . Drone Launches . | . . . . . Drone Recoveries . | . . . . . Exploration | -11 -10 -10 -9 -9 ------------- Run | Yrd Mat Min Mat Min Turns Passed 1345 | 48 268 471 445 113 Spaces Moved 837 | 30 165 219 342 81 Core 101 | 10 . 14 77 . Treads 390 | 20 165 205 . . Legs . | . . . . . Wheels 256 | . . . 175 81 Hover . | . . . . . Flight 90 | . . . 90 . Fastest Speed 40 | 50 160 160 40 90 Average Speed 130 | 123 160 178 92 105 Slowest Speed 450 | 160 160 450 450 120 Overloaded Moves . | . . . . . Propulsion Burnouts . | . . . . . Robots Hopped . | . . . . . Cave-ins Triggered . | . . . . . Exploration Rate (%) 27 | 4 43 48 31 13 Regions Visited 4 Branch Regions 2 Pre-discovered Areas . | . . . . . Known Exits Taken 1 | . 1 . . . Unknown Exits Taken 3 | 1 . 1 1 . Scrap Searched 1 | . . 1 . . Spaces Dug 1 | . . . 1 . Terrain Destroyed 63 | . . 62 1 . Melee 1 | . . . 1 . Projectile . | . . . . . AOE 62 | . . 62 . . Terrain Rammed . | . . . . . Walls Destroyed . | . . . . . Machines Disabled . | . . . . . Actions | -11 -10 -10 -9 -9 --------- Run | Yrd Mat Min Mat Min Total 985 | 41 168 271 408 97 Wait 27 | . . 24 2 1 Move 833 | 29 164 218 341 81 Hop . | . . . . . Pick Up 25 | 6 1 5 10 3 Fast Attach . | . . . . . Attach 20 | 6 . 2 8 4 Detach 3 | . . . 3 . Swap 9 | . 3 5 1 . Drop 1 | . . . 1 . Fire 26 | . . 8 18 . Melee 41 | . . 9 24 8 Ram . | . . . . . Kick . | . . . . . Crush . | . . . . . Escape Stasis . | . . . . . Rewire . | . . . . . Trap . | . . . . . Miscellaneous . | . . . . . Route ------- -11/Scrapyard -10/Materials (discovered 2 exits: *Mat / *Min) -10/Mines -9/Materials -9/Mines History --------- Turn | Location | Event 10 | -11/Scrapyard | Discovered new exit (range 15) 49 | -11/Scrapyard | Entered Materials 236 | -10/Materials | Discovered new exit (range 8) 285 | -10/Materials | Identified exit to Mines 310 | -10/Materials | Build established: Mutant 317 | -10/Materials | Entered Mines 325 | -10/Mines | Met a Derelict shopkeep closing up shop 713 | -10/Mines | Discovered new exit (range 14) 727 | -10/Mines | Destroyed YI-UF0 756 | -10/Mines | Lost 4 parts (1p2n1w) 780 | -10/Mines | Core integrity fell below 50% 788 | -10/Mines | Entered Materials 788 | -9/Materials | Evolved 2 slots: Utility x2 1011 | -9/Materials | Lost 4 parts (2n2w) 1018 | -9/Materials | Core integrity fell below 50% 1146 | -9/Materials | Core integrity fell below 20% 1188 | -9/Materials | Search patrols dispatched 1218 | -9/Materials | Discovered new exit (range 16) 1233 | -9/Materials | Entered Mines 1248 | -9/Mines | Met a Derelict bent on vengeance 1323 | -9/Mines | Assembled infested the area 1346 | -9/Mines | Destroyed by S-10 Pest with Light Assault Rifle Last Messages --------------- CL-NFF(g): "WHERE ARE YOU, UNAWARE TRASH?! VENGEANCE UPON YOU!" S-10 Pest destroyed. CL-NFF(g): "I WILL HAVE VENGEANCE!" CL-NFF(g): "UNAWARE KILLED MY BEST FRIEND! VENGEANCE!" Acquired Lgt. Ion Engine. K-01 Serf collects debris. Acquired 16 matter. K-01 Serf collects debris. ALERT: Infestation in the mines, dispatching Demolisher response squad. K-01 Serf collects debris. CL-NFF(g): "UNAWARE KILLED MY BEST FRIEND! VENGEANCE!" K-01 Serf collects debris. CL-NFF(g) knocked back. Acquired Flight Unit. Destroyed Flight Unit. S-10 Pest system corrupted by crushing effect. Map ----- +----------------------------------------------------+ | ???????????????????????????????????????????????? | | ???????????????????????????????????????????????? | | ???????????????????????????????????????????????? | | ???????????????????????????????????????????????? | | ???????????????????????????????????????????????? | | ???????????????????????????????????????????????? | | ???????????????????????????????????????????????? | | ???????????????????????????????????????????????? | | ???????????????????????????????????????????????? | | ???????????????????????????????????????????????? | | ?????????????????????? ???????????????????????? | | ?????????????????????? ???????????????????????? | | ?????????????????????? ???????????????????????? | | ?????????????????????# ???????????????????????? | | ?????????????????????# ??????????????????????? | | ?????????????????????# #??????????????????????? | | ?????????????????????# k#??????????????????????? | | ?????????????????????# #??????????????????????? | | ?????????????????????# #??????????????????????? | | ????????????????????? #??????????????????????? | | ?????????????????????# #??????????????????????? | | ?????????????????????# s#??????????????????????? | | ?????????????????????# #??????????????????????? | | ?????????????????????#s #??????????????????????? | | ??????????????# ?????#s #??????????????????????? | | ??????????????# ??#### @##?????????????????????? | | ??????????????# ??# %= #?????????????????????? | | ??????????????# ??#%[ #?????????????????????? | | ??????????????# ??#= #?????????????????????? | | ??????????????# #?# k %#?????????????????????? | | ??????????????# #### ####?????????????????????? | | ?????????????## ## #????????????????????????? | | ?????#?????### # #??###???????????????????? | | ?????# #### #?# ##??????????????????? | | ?????# ## #??????????????????? | | ????????### #??????????????????? | | ??????????## ##??????????????????? | | ???????????# ##???????????????????? | | ???????????# ##????????????????????? | | ???????????## ##?????????????????????? | | ????????????# ###??????????????????????? | | ????????????# ##????????????????????????? | | ????????????# ##?????????????????????????? | | ???????????# ##??????????????????????????? | | ???????????# ###???????????????????????????? | | ???????????## ##?????????????????????????????? | | ????????????# ##??????????????????????????????? | | ????????????# #???????????????????????????????? | | ????????????# ???????????????????????????????? | | ????????????# #???????????????????????????????? | +----------------------------------------------------+ Best States ------------- Heat Dissipation 28 Energy Generation 14 Energy Capacity 250 Matter Stores 245 Matter Capacity 300 Sight Range 16 Terrain Scan Density 10 Additional Mass Support 9 Resistance: KI 20 Resistance: TH 20 Resistance: EX 20 Resistance: EM 20 Resistance: I 20 Resistance: S 20 Resistance: P 20 Evasion (%) 62 Recoil Reduction 2 Offensive Hacking 10 Item Schematics ----------------- None Robot Schematics ------------------ None Fabricated ------------ Nothing Alien Tech Used ----------------- None Achievements -------------- None Challenges ------------ None Game ------ Seed GunCarbideSegregator Manual? 0 Play Time 00:17:20 Cumulative 23.5 hours Start 2024.09.07 @ 21:41:34 End 2024.09.07 @ 21:56:52 Sessions 1 Manual Loads 0 Difficulty Adventurer Special Mode None Game No. 20 Rogue 0 Adventurer 20 Explorer 0 Win Type - Total 0 Types 0/0/0/0/0/0/0/0/0 Lore% 8 Gallery% 23 Achievement% 20 Wizard Run 0 Options --------- Layout 1 ASCII 0 Keyboard 0 Movement Mouse Keybinds 0 Fullscreen 1 Font 32/SmallcapsGlow Map View 50x35 Zoom Use 15% Tactical HUD 0 Map Filters NONE Filters NONE Steam 1 RUN: 5374b41a-26d5-434a-b7b7-0d6a173d1210